 Dungeon Crawl Stone Soup version 0.21.1-1-g345015f (console) character file.

38 fly the Conjurer (level 3, 0/24 HPs)
             Began as a Barachi Wizard on May 4, 2018.
             Succumbed to a kobold's poison
             ... on level 2 of the Dungeon.
             The game lasted 00:04:00 (1464 turns).

fly the Conjurer (Barachi Wizard)                   Turns: 1464, Time: 00:04:00

Health: 0/24       AC:  4    Str:  9    XL:     3   Next: 43%
Magic:  3/7        EV: 11    Int: 18    God:
Gold:   93         SH:  0    Dex: 10    Spells: 2/8 levels left

rFire    . . .     SeeInvis .   a - +2 dagger (drain)
rCold    . . .     Gourm    .   (no shield)
rNeg     . . .     Faith    .   y - +0 leather armour
rPois    .         Spirit   .   e - +0 helmet
rElec    .         Reflect  .   (no cloak)
rCorr    .         Harm     .   (no gloves)
MR       .....                  (no boots)
Stlth    +.........             (no amulet)
HPRegen  0.08/turn              (no ring)
MPRegen  0.10/turn              (no ring)

@: lethally poisoned (0 -> -9), very slightly contaminated, slow
A: +LOS, swims, slowness 1, strong legs 1
a: Hop


You were on level 2 of the Dungeon.
You were not hungry.

You visited 1 branch of the dungeon, and saw 2 of its levels.

You collected 93 gold pieces.

Inventory:

Hand Weapons
 a - a +2 dagger of draining (weapon)
Armour
 e - a +0 helmet (worn)
 y - a +0 leather armour (worn)
Jewellery
 n - an uncursed ring of ice {unknown}
Scrolls
 b - a scroll of identify {unknown}
 g - 2 scrolls of teleportation {unknown}
 h - a scroll of noise {unknown}
 j - a scroll of immolation {unknown}
 k - a scroll of remove curse {unknown}
Potions
 f - a potion of flight {unknown}
 i - a potion of berserk rage {unknown}
 l - a potion of curing {unknown}
 o - a potion of ambrosia {unknown}
Books
 c - a book of Minor Magic

   Spells                             Type                      Level
   a - Magic Dart                     Conjuration                  1
   b - Blink                          Translocation                2
   c - Call Imp                       Summoning                    2
   d - Slow                           Hexes                        2
   e - Conjure Flame                  Conjuration/Fire             3
   f - Mephitic Cloud                 Conjuration/Poison/Air       3
 p - a book of Cantrips

   Spells                             Type                      Level
   a - Confusing Touch                Hexes                        1
   b - Animate Skeleton               Necromancy                   1
   c - Summon Small Mammal            Summoning                    1
   d - Apportation                    Translocation                1
Comestibles
 d - 3 rations
 m - 3 chunks of flesh


   Skills:
 - Level 2.1 Dodging
 - Level 1.7 Stealth
 - Level 3.2 Spellcasting
 + Level 3.6 Conjurations
   Level 1.2 Summonings
 - Level 1.1 Translocations


You had 2 spell levels left.
You knew the following spells:

 Your Spells              Type           Power        Failure   Level  Hunger
b - Blink                 Tloc           N/A          22%         2    ##.....
c - Conjure Flame         Conj/Fire      #.......     32%         3    ###....
z - Magic Dart            Conj           ###.         4%          1    None


Dungeon Overview and Level Annotations

Branches:
Dungeon (2/15)

Altars:


Innate Abilities, Weirdness & Mutations

Shadows flee at your approach. (+LOS)
You can swim through water.
You cover ground slowly.
You can hop short distances.


Message History

You hit the orc wizard.
The orc wizard is heavily wounded.
The ooze hits you.
The orc wizard hits you but does no damage.
You hit the orc wizard but do no damage.
The orc wizard is heavily wounded.
The ooze hits you. The orc wizard completely misses you.
Drop what? 17/52 slots (_ for help) (? for menu, Esc to quit)
Okay, then.
The ooze hits you but does no damage.
You see here a stone.
The kobold closely misses you. The ooze hits you.
Unknown command.
The kobold hits you with a whip of venom.
* * * LOW HITPOINT WARNING * * *
The ooze hits you but does no damage.
The kobold hits you with a whip of venom.
* * * LOW HITPOINT WARNING * * *
You are lethally poisoned!
You die...

#######....###..####....#.<..
.........#...##..............
............................. .
.............#.##........).>.(.
.................#.###.####.....
#.#........>.(.........##.......
.#.#.........(##.......###.##....
...................<.#.##.. .....
......).##......@...##.... ###...
............##K.##...#.... #.#.
........)...).Jo.##....... ...
........(..###o..(....... .#.
........(.(# #.#......... ##.
...........###.#.........
...........#...###.#.....
..............## .#.....
............#...........


You could see an orc wizard, an ooze, an orc and a kobold.

Vanquished Creatures
  An adder (D:2)
  A dart slug (D:1)
  A leopard gecko (D:1)
  2 orcs (D:2)
  2 giant cockroaches (D:1)
  3 goblins
  3 hobgoblins
  A quokka (D:2)
  2 bats
  A frilled lizard (D:1)
  4 kobolds
  3 rats
24 creatures vanquished.

Notes
Turn   | Place    | Note
-------+----------+-------------------------------------------
     0 | D:1      | fly the Barachi Wizard began the quest for the Orb.
     0 | D:1      | Reached XP level 1. HP: 13/13 MP: 4/4
   386 | D:1      | Reached XP level 2. HP: 11/19 MP: 0/6
   641 | D:1      | Learned a level 2 spell: Blink
  1368 | D:2      | Reached XP level 3. HP: 24/24 MP: 5/7
  1422 | D:2      | Learned a level 3 spell: Conjure Flame
  1463 | D:2      | HP: 1/24 [kobold/whip of venom (4)]
  1464 | D:2      | Succumbed to a kobold's poison

Skill      XL: |  1  2 |
---------------+-------+-----
Conjurations   | 2 3 |  3.6
Dodging        | |  2.1
Stealth        | |  1.7
Spellcasting   | |  3.2
Summonings     | |  1.2
Translocations | |  1.1

Action                   || total
-------------------------++-------
Melee: Unarmed           ||    51
       Dagger            ||    18
 Cast: Magic Dart        ||    46
 Stab: Sleeping          ||     3
  Eat: Chunk             ||     2
Armor: Robe              ||    14
       Leather armour    ||    11
Dodge: Dodged            ||    70
